 Dungeon Crawl Stone Soup version 0.30-a0-738-g116ff8c4af (webtiles) character file.

Game seed: 15132115334516384607

639 Monkooky the Cudgeller (level 7, -4/42 (53) HPs)
             Began as a Demigod Reaver on Feb 3, 2023.
             Slain by Duvessa
             ... wielding a +0 short sword of protection
              (6 damage)
             ... on level 4 of the Dungeon.
             The game lasted 00:05:57 (3321 turns).

Monkooky the Cudgeller (Demigod Reaver)             Turns: 3321, Time: 00:05:57

HP:   -4/42 (53)    AC: 11    Str: 21    XL:     7   Next: 5%
MP:   11/12         EV: 10    Int: 15    God:
Gold: 35            SH:  0    Dex: 12    Spells: 8/9 levels left

rFire   . . .      SeeInvis .    q - +3 quarterstaff (chaos)
rCold   + + .      Faith    .    (shield currently unavailable)
rNeg    . . .      Spirit   .    c - +2 scale mail {rC+}
rPois   .          Reflect  .    e - +0 helmet
rElec   .          Harm     .    r - +0 cloak
rCorr   .          Rampage  .    d - +0 pair of gloves
Will    .....                    (no boots) Stlth
                                 (no amulet)
HPRegen 0.27/turn                h - ring of protection from cold
MPRegen 0.13/turn                (no ring)

@: heavily drained
A: high MP 1, forlorn, divine attributes
a: no special abilities


You were on level 4 of the Dungeon.
You visited 1 branch of the dungeon, and saw 4 of its levels.

You collected 107 gold pieces.
You spent 72 gold pieces at shops.

Inventory:

Hand Weapons
 a - a +0 mace
 q - a +3 quarterstaff of chaos (weapon)
Armour
 b - a +0 leather armour
 c - a +2 scale mail of cold resistance (worn)
 d - a +0 pair of gloves (worn)
 e - a +0 helmet (worn)
 r - a +0 cloak (worn)
Jewellery
 h - a ring of protection from cold (left hand)
Scrolls
 g - a scroll of identify {unknown}
 i - a scroll of teleportation {unknown}
 l - a scroll of magic mapping {unknown}
 n - a scroll of blinking
 v - a scroll of vulnerability {unknown}
 w - a scroll of enchant weapon {unknown}
Potions
 f - 4 potions of curing
 j - a potion of magic {unknown}
 k - a potion of ambrosia {unknown}
 m - a potion of mutation {unknown}
 o - a potion of degeneration {unknown}
 p - a potion of resistance {unknown}
 s - 2 potions of flight {unknown}
 t - a potion of cancellation {unknown}
 u - a potion of invisibility


   Skills:
 - Level 1.7 Fighting
 - Level 5.3(5.9) Maces & Flails
 - Level 3.9(5.2) Staves
 - Level 1.7 Dodging
 - Level 1.7 Spellcasting
 - Level 2.6 Conjurations
 + Level 3.4 Necromancy


You had 8 spell levels left.
You knew the following spells:

 Your Spells              Type           Power      Damage    Failure   Level
a - Kiss of Death         Conj/Necr      40%        2d8       19%         1

Your spell library contained the following spells:

 Spells                   Type           Power      Damage    Failure   Level
 Necrotise                Necr           44%        1d6       16%         1
 Vampiric Draining        Necr           11%        2d6       43%         3
 Momentum Strike          Conj/Tloc      10%        3d8       50%         2
 Hailstorm                Conj/Ice       5%         3d4       75%         3
 Agony                    Necr           11%        N/A       99%         5


Dungeon Overview and Level Annotations

Branches:
Dungeon (4/15)
 Temple: D:4-7

Shops:
D:2 *

Annotations:
D:1 exclusion: downstairs
D:4 Dowan, Duvessa


Innate Abilities, Weirdness & Mutations

You have an increased reservoir of magic. (+10% MP)
You shall have no god before yourself.
Your divine heritage dramatically boosts your attributes as you level up.


Message History

Duvessa hits you with a +0 short sword of protection.
Dowan zaps a wand.
The roots erupt in riotous growth!
The grasping roots grab you!
Duvessa is unaffected.
The grasping roots constrict you.
You hear a shout!
You hit Duvessa but do no damage.
Duvessa is heavily wounded.
Duvessa hits you with a +0 short sword of protection.
The grasping roots constrict you.
You hit Duvessa. You freeze Duvessa.
Duvessa is severely wounded.
Duvessa hits you with a +0 short sword of protection!
Dowan hits you with a +5 dagger of draining!
You feel drained.
* * * LOW HITPOINT WARNING * * *
The grasping roots constrict you.
* * * LOW HITPOINT WARNING * * *
The grasping roots release their grip on you.
You closely miss Dowan.
Duvessa hits you with a +0 short sword of protection!
* * * LOW HITPOINT WARNING * * *
Dowan hits you but does no damage.
You feel drained.
Unknown command.
You hit Duvessa. You burn Duvessa.
Duvessa is severely wounded.
Duvessa barely misses you. Dowan gestures at you while chanting.
The puff of frost misses you.
Unknown command.
You aren't carrying any items that you can evoke.
You closely miss Duvessa.
Duvessa is severely wounded.
Duvessa closely misses you.
Dowan gestures wildly while chanting.
Dowan blinks!
Duvessa hits you but does no damage.
Dowan says, "My weaknesses are her strengths!"
Your magical contamination has completely faded away.
You close the door.
Duvessa hits you with a +0 short sword of protection.
You die...

#####..##### #.....###.#
............# #####..##.#
###..#..###.# ##....#
#..#..###.###### ###..## #
#..............# #...## #
........#.####.# ##...###
.......###'####.# #.#..##
##.##........)#e###.######.##.##
#. #.......e.+@[..............#
##........#####.######...#.#
#.######## #...#.. #. #...### .
#... # # #... # #.## # #. . .


You could see Duvessa (drained).

Vanquished Creatures
  A spriggan (shapeshifter) (D:4)
  A water moccasin (D:3)
  A black bear (D:4)
  2 orc priests (D:3)
  Crazy Yiuf (D:2)
  Jessica (D:2)
  Robin (D:2)
  4 gnolls
  2 adders
  A white imp (D:3)
  3 worms
  3 dart slugs
  8 orcs
  7 endoplasms
  4 giant cockroaches
  15 goblins
  6 hobgoblins
  4 jackals (D:3)
  4 kobolds
  3 quokkas
  6 ball pythons
  4 bats
  3 frilled lizards
  7 rats
92 creatures vanquished.

Vanquished Creatures (others)
  2 fungi (D:2)
2 creatures vanquished.

Grand Total: 94 creatures vanquished

Notes
Turn   | Place    | Note
-------+----------+-------------------------------------------
     0 | D:1      | Monkooky the Demigod Reaver began the quest for the Orb.
     0 | D:1      | Reached XP level 1. HP: 17/17 MP: 5/5
    20 | D:1      | Reached skill level 3 in Maces & Flails
   143 | D:1      | Reached XP level 2. HP: 21/24 MP: 7/7
   665 | D:2      | Noticed Robin
   878 | D:2      | Found Hucseguh's General Store.
   891 | D:1      | Reached skill level 4 in Maces & Flails
   891 | D:1      | Reached XP level 3. HP: 25/29 MP: 8/8
  1275 | D:2      | Killed Robin
  1276 | D:2      | Reached XP level 4. HP: 21/36 MP: 9/9
  1411 | D:2      | Identified the +1 chain mail of the King of the Hill
                  | {*Corrode Will+ Dex+2}
  1512 | D:2      | Noticed Jessica
  1527 | D:2      | Killed Jessica
  1528 | D:2      | Reached skill level 5 in Maces & Flails
  1632 | D:2      | Bought 2 potions of curing for 72 gold pieces
  1868 | D:2      | Found a runed translucent door.
  1869 | D:2      | Noticed Crazy Yiuf
  1879 | D:2      | Killed Crazy Yiuf
  1880 | D:2      | Reached skill level 1 in Staves
  1880 | D:2      | Reached XP level 5. HP: 15/31 MP: 4/10
  2418 | D:3      | Noticed a water moccasin
  2434 | D:3      | Killed a water moccasin
  2435 | D:3      | Reached XP level 6. HP: 38/48 MP: 11/11
  3124 | D:4      | a jelly changed into a shapeshifter
  3124 | D:4      | Noticed a shapeshifter (shapeshifter)
  3124 | D:4      | a shapeshifter changed into a spriggan
  3124 | D:4      | Noticed a spriggan (shapeshifter)
  3131 | D:4      | Killed a spriggan
  3132 | D:4      | Reached XP level 7. HP: 25/53 MP: 9/12
  3307 | D:4      | Noticed Duvessa
  3307 | D:4      | Noticed Dowan
  3318 | D:4      | HP: 1/43 [Duvessa/+0 short sword of protection (7)]
  3321 | D:4      | Slain by Duvessa

Illustrated notes

Levels and vault maps discovered:
D:1:      roderic_crossed_star, layout_basic
D:2:      layout_rooms, serial_shops, nicolae_diamond_shop, uniq_jessica,
          uniq_robin, uniq_crazy_yiuf_cottage
D:3:      layout_loops_ring
D:4:      layout_basic, good_gods_temple_1, serial_shops, shop,
          minmay_manual_moon, uniq_duvessa

Skill      XL: |  1  2  3  4  5  6 |
---------------+-------------------+-----
Maces & Flails | 3 4 5 |  5.3
Staves         | 1 3 |  3.9
Necromancy     | 3 |  3.4
Fighting       | |  1.7
Dodging        | |  1.7
Spellcasting   | |  1.7
Conjurations   | |  2.6

Action                     |  1- 3 |  4- 6 |  7- 9 || total
---------------------------+-------+-------+-------++-------
  Melee: Mace              |   121 |    50 |       ||   171
         Punch             |     2 |       |       ||     2
         Quarterstaff      |       |   118 |    11 ||   129
   Cast: Kiss of Death     |     1 |     3 |     1 ||     5
    Use: Potion            |     1 |       |       ||     1
         Scroll            |       |     1 |       ||     1
 Armour: Scale mail        |    76 |    89 |     5 ||   170
         Leather armour    |     3 |       |       ||     3
  Dodge: Dodged            |    96 |    57 |     5 ||   158

Table legend: (Time is in decaauts)
 A = Elapsed time spent in this place.
 B = Non-inter-level travel time spent in this place.
 C = Inter-level travel time spent in this place.
 D = Time resting spent in this place.
 E = Time spent auto-exploring this place.
 F = Levels seen in this place.
 G = Mean time per level.
                   A        B        C        D        E       F      G
               +--------+--------+--------+--------+--------+-----+--------+
         Total |   3366 |   3187 |    179 |    440 |   2036 |   4 |  841.5 |
       Dungeon |   3366 |   3187 |    179 |    440 |   2036 |   4 |  841.5 |
               +--------+--------+--------+--------+--------+-----+--------+

Top non-repeatable levels by time:
     D:1: 1274 daAuts
     D:3: 978 daAuts
     D:2: 763 daAuts
     D:4: 349 daAuts
